 Dungeon Crawl Stone Soup version 0.27.1-3-gb3d3a73c9e (webtiles) character file.

Game seed: 14086614679166341911

11668 kprdcss the Grappler (level 11, -2/94 HPs)
             Began as a Troll Monk on Oct 14, 2021.
             Was a High Priest of Okawaru.
             Slain by an eight-headed hydra (10 damage)
             ... on level 11 of the Dungeon.
             The game lasted 00:29:13 (9205 turns).

kprdcss the Grappler (Troll Monk)                   Turns: 9205, Time: 00:29:13

Health: -2/94      AC:  8    Str: 22    XL:     11   Next: 52%
Magic:  10/10      EV: 18    Int:  1    God:    Okawaru [*****.]
Gold:   1196       SH:  5    Dex: 14    Spells: 10/10 levels left

rFire    . . .     SeeInvis .   g - +4 quarterstaff (chaos)
rCold    + . .     Faith    .   (shield currently unavailable)
rNeg     + + +     Spirit   .   J - +1 steam dragon scales of the Ten Beds {rF- rN+++ rCorr Int-5}
rPois    .         Reflect  +   (helmet restricted)
rElec    .         Harm     .   E - scarf {rC+ rF+}
rCorr    +         Rampage  .   (gloves unavailable)
Will     .....                  (boots unavailable)
Stlth    ++........             f - amulet of reflection
HPRegen  1.25/turn              N - +4 ring of evasion
MPRegen  0.12/turn              K - ring of flight

@: flying
A: large, unfitting armour, claws 3, regeneration 1, shaggy fur 1, tough skin 1
a: Renounce Religion, Heroism, Finesse


You were on level 11 of the Dungeon.
You worshipped Okawaru.
Okawaru was extremely pleased with you.
You visited 2 branches of the dungeon, and saw 13 of its levels.
You also visited: Bailey.

You collected 1391 gold pieces.
You spent 195 gold pieces at shops.

Inventory:

Hand Weapons
 g - a +4 quarterstaff of chaos (weapon)
 u - a +2 whip of flaming
 B - the +8 longbow "Toamal" {speed, rN+ Str-5 SInv}
   (Okawaru gifted it to you on level 9 of the Dungeon)

   Attacks with this weapon are significantly faster.
   Str:       It affects your strength (-5).
   rN:        It protects you from negative energy.
   SInv:      It lets you see invisible.
Missiles
 c - 4 javelins (quivered)
 k - a throwing net
Armour
 a - a +0 robe
 h - a +1 cloak
 E - a scarf of resistance (worn)
 J - the +1 steam dragon scales of the Ten Beds (worn) {rF- rN+++ rCorr Int-5}
   (Okawaru gifted it to you on level 10 of the Dungeon)

   Int:       It affects your intelligence (-5).
   rF:        It makes you vulnerable to fire.
   rN:        It renders you almost immune to negative energy.
   rCorr:     It protects you from acid and corrosion.
Jewellery
 f - an amulet of reflection (around neck)
 q - a ring of wizardry
 D - a ring of see invisible
 I - a ring of positive energy
 K - a ring of flight (right claw)
 N - a +4 ring of evasion (left claw)
Wands
 e - a wand of digging (11)
 m - a wand of iceblast (10)
 s - a wand of flame (12)
 y - a wand of mindburst (11)
Scrolls
 d - 3 scrolls of fear
 i - 3 scrolls of teleportation
 o - 2 scrolls of amnesia
 x - 3 scrolls of identify
 F - a scroll of magic mapping
 H - a scroll of holy word {unknown}
 L - a scroll of enchant armour
Potions
 b - a potion of resistance {unknown}
 j - 3 potions of haste
 l - 4 potions of invisibility {unknown}
 n - 5 potions of curing {unknown}
 p - 3 potions of magic {unknown}
 r - 2 potions of flight {unknown}
 t - a potion of ambrosia {unknown}
 v - a potion of cancellation {unknown}
 w - 2 potions of attraction {unknown}
 z - 3 potions of heal wounds {unknown}
 A - 3 potions of might {unknown}
 C - a potion of berserk rage {unknown}
 G - a potion of brilliance {unknown}
 M - a potion of lignification {unknown}


   Skills:
 - Level 2.4 Fighting
 + Level 9.4 Dodging
 - Level 1.0 Stealth
 * Level 14.7 Unarmed Combat


You had 10 spell levels left.
You didn't know any spells.
Your spell library contained the following spells:

 Spells                   Type           Power      Damage    Failure   Level
 Apportation              Tloc           0%         N/A       56%         1
 Leda's Liquefaction      Hex/Erth       0%         N/A       100%        4
 Alistair's Intoxication  Tmut/Pois      0%         N/A       100%        5
 Bolt of Magma            Conj/Fire/Erth 0%         4d4       100%        5
 Invisibility             Hex            0%         N/A       100%        6
 Statue Form              Tmut/Erth      0%         N/A       100%        6


Dungeon Overview and Level Annotations

Branches:
Dungeon (12/15)            Temple (1/1) D:6            Lair (0/6) D:10
 Bailey (visited)
    Orc: D:9-12

Altars:
Ashenzari
Cheibriados
Dithmenos
Elyvilon
Fedhas
Gozag
Hepliaklqana
Kikubaaqudgha
Makhleb
Nemelex Xobeh
Okawaru
Qazlal
Ru
Sif Muna
Trog
Uskayaw
Vehumet
Wu Jian
Xom
Yredelemnul
Zin
The Shining One

Shops:
D:7 *   D:9 =


Innate Abilities, Weirdness & Mutations

You are too large for most types of armour.
You have claws for hands.
Your natural rate of healing is unusually fast.
You are covered in fur. (AC +1)
You have tough skin. (AC +1)


Message History

You hit the eight-headed hydra.
The eight-headed hydra is lightly wounded.
You block the wraith's attack.
The eight-headed hydra completely misses you.
The eight-headed hydra misses you.
The eight-headed hydra completely misses you.
The eight-headed hydra bites you! x2; The eight-headed hydra bites you.
The eight-headed hydra barely misses you. x2
You sock the eight-headed hydra!
The eight-headed hydra is moderately wounded.
The wraith completely misses you. The eight-headed hydra misses you.
The eight-headed hydra barely misses you.
The eight-headed hydra closely misses you. x2
The eight-headed hydra bites you.
You block the eight-headed hydra's attack.
The eight-headed hydra completely misses you.
The eight-headed hydra bites you but does no damage.
A troll comes into view.
The wraith barely misses you.
You completely miss the eight-headed hydra.
The eight-headed hydra is moderately wounded.
The eight-headed hydra completely misses you.
The eight-headed hydra barely misses you.
The eight-headed hydra bites you. The eight-headed hydra bites you!
The eight-headed hydra misses you.
You block the eight-headed hydra's attack.
The eight-headed hydra bites you but does no damage.
The eight-headed hydra bites you!
* * * LOW HITPOINT WARNING * * *
The wraith barely misses you. The eight-headed hydra bites you!
* * * LOW HITPOINT WARNING * * *
The eight-headed hydra barely misses you.
The eight-headed hydra bites you but does no damage.
You block the eight-headed hydra's attack.
The eight-headed hydra bites you.
* * * LOW HITPOINT WARNING * * *
The eight-headed hydra barely misses you.
The eight-headed hydra bites you but does no damage.
The eight-headed hydra bites you!
You die...

##### ##### ###.#>....# #...
#...######...###...#.....#####...
#..>.............................
#................................
#...######...#.#####.....######..
#...# ###...#.#####.....######..
#...# #.....#...................
#.(.# #.#######.#######.######..
#...# #..))....@D.......# ###.
##### #########W######### #...
e♣♣ #.#. ♣T #.#. ♣. # #. ♣♣ #. #.
#. #.


You could see an eight-headed hydra, a deep elf pyromancer, a troll and a
wraith.

Vanquished Creatures
  3 two-headed ogres
  Pikel (D:4)
  A wolf spider (D:12)
  An orc knight (Bailey)
  A cyclops (D:12)
  3 gargoyles
  A troll (D:9)
  Grinder (D:5)
  Prince Ribbit (D:5)
  Sigmund (D:4)
  A wyvern (D:9)
  4 yaks (D:8)
  Eustachio (D:4)
  A vampire (D:9)
  A wraith (D:12)
  A hog (shapeshifter) (D:12)
  4 vampire mosquitoes
  Menkaure (D:5)
  A water moccasin (D:5)
  2 ice beasts
  A sky beast (D:5)
  3 ogres
  10 orc warriors
  A necrophage (D:3)
  7 centaurs
  2 kobold brigands
  A wyvern zombie (D:8)
  2 bullfrogs
  2 scorpions
  2 water moccasin skeletons (D:5)
  3 killer bees (D:11)
  2 electric eels (D:9)
  14 wights
  5 howler monkeys
  A jelly (D:6)
  4 hounds
  3 orc priests
  A centaur zombie (D:9)
  Crazy Yiuf (D:2)
  A centaur skeleton (D:6)
  Ijyb (D:4)
  3 iguanas
  4 orc wizards
  A killer bee zombie (D:8)
  A hound zombie (D:5)
  A howler monkey zombie (D:9)
  Robin (D:2)
  7 adders
  2 gnolls (Bailey)
  A shadow imp (D:5)
  3 white imps
  2 ufetubi (D:5)
  2 worms
  3 dart slugs
  18 orcs
  6 ball pythons
  3 endoplasms
  3 giant cockroaches
  22 goblins
  11 hobgoblins
  2 jackals (D:2)
  3 quokkas
  3 bats
  4 frilled lizards
  33 kobolds
  8 rats
245 creatures vanquished.

Vanquished Creatures (others)
  22 plants (D:4)
22 creatures vanquished.

Grand Total: 267 creatures vanquished

Notes
Turn   | Place    | Note
-------+----------+-------------------------------------------
     0 | D:1      | kprdcss the Troll Monk began the quest for the Orb.
     0 | D:1      | Reached XP level 1. HP: 22/22 MP: 0/0
    72 | D:1      | Reached XP level 2. HP: 29/29 MP: 1/1
    97 | D:1      | You fall into a shaft and drop 1 floor!
    97 | D:2      | Found an iron altar of Okawaru.
   100 | D:2      | Became a worshipper of Warmaster Okawaru
   100 | D:2      | Reached * piety under Okawaru
   100 | D:2      | Reached ** piety under Okawaru
   137 | D:2      | Reached XP level 3. HP: 35/36 MP: 2/2
   215 | D:2      | Reached skill level 4 in Unarmed Combat
   279 | D:2      | Noticed Robin
   297 | D:2      | Killed Robin
   340 | D:2      | Reached XP level 4. HP: 44/44 MP: 3/3
   732 | D:2      | Found a runed translucent door.
   733 | D:2      | Noticed Crazy Yiuf
   744 | D:2      | Killed Crazy Yiuf
  1179 | D:3      | Found a faded altar of an unknown god.
  1253 | D:3      | Noticed a necrophage
  1261 | D:3      | Killed a necrophage
  1262 | D:3      | Reached skill level 5 in Unarmed Combat
  1262 | D:3      | Reached XP level 5. HP: 48/50 MP: 4/4
  1673 | D:3      | Reached *** piety under Okawaru
  1789 | D:4      | Noticed Ijyb
  1802 | D:4      | Killed Ijyb
  1803 | D:4      | Reached XP level 6. HP: 58/59 MP: 5/5
  1809 | D:4      | Reached skill level 6 in Unarmed Combat
  1825 | D:4      | Noticed Eustachio
  1856 | D:4      | Killed Eustachio
  1891 | D:4      | Received a gift from Okawaru
  1892 | D:4      | Reached XP level 7. HP: 36/66 MP: 6/6
  1965 | D:4      | Found a glowing silver altar of Zin.
  1965 | D:4      | Found an opulent altar of Gozag.
  2105 | D:4      | Reached skill level 7 in Unarmed Combat
  2349 | D:4      | Noticed Pikel
  2381 | D:4      | Killed Pikel
  2381 | D:4      | Reached **** piety under Okawaru
  2382 | D:4      | Reached skill level 5 in Dodging
  2382 | D:4      | Reached skill level 8 in Unarmed Combat
  2382 | D:4      | Reached XP level 8. HP: 10/74 MP: 7/7
  2460 | D:4      | Found a sacrificial altar of Ru.
  2463 | D:4      | Noticed Sigmund
  2475 | D:4      | Killed Sigmund
  2476 | D:4      | Reached skill level 9 in Unarmed Combat
  3031 | D:5      | Entered Level 5 of the Dungeon
  3162 | D:5      | Noticed Prince Ribbit
  3169 | D:5      | Killed Prince Ribbit
  3183 | D:5      | Found a radiant altar of Vehumet.
  3305 | D:5      | Reached skill level 10 in Unarmed Combat
  3315 | D:5      | Reached XP level 9. HP: 59/80 MP: 8/8
  3425 | D:5      | Noticed Menkaure
  3431 | D:5      | Killed Menkaure
  3431 | D:5      | Received a gift from Okawaru
  3758 | D:5      | Noticed Grinder
  3764 | D:5      | Killed Grinder
  4309 | D:6      | Found a staircase to the Ecumenical Temple.
  4540 | Temple   | Entered the Ecumenical Temple
  4735 | D:7      | Found Asapsesk's Elemental Accessories.
  4756 | D:7      | Reached ***** piety under Okawaru
  4757 | D:7      | Reached skill level 11 in Unarmed Combat
  5082 | D:7      | You fall into a shaft and drop 2 floors!
  5218 | D:9      | Identified the +8 longbow "Toamal" {speed, rN+ Str-5 SInv}
                  | (Okawaru gifted it to you on level 9 of the Dungeon)
  5218 | D:9      | Received a gift from Okawaru
  5290 | D:9      | Reached XP level 10. HP: 75/88 MP: 9/9
  5333 | D:9      | Found Zano Getre's Jewellery Shoppe.
  5340 | D:9      | Reached skill level 12 in Unarmed Combat
  5392 | D:9      | Bought a ring of see invisible for 195 gold pieces
  5453 | D:9      | Noticed a two-headed ogre
  5461 | D:9      | Killed a two-headed ogre
  5971 | D:8      | Identified a scroll of acquirement
  5971 | D:8      | Acquired 765 gold pieces
  6323 | D:8      | Found a sparkling altar of Nemelex Xobeh.
  6324 | D:8      | Found a white marble altar of Elyvilon.
  7056 | D:7      | Reached skill level 13 in Unarmed Combat
  7386 | D:10     | Entered Level 10 of the Dungeon
  7420 | D:10     | Noticed a boulder beetle
  7421 | D:10     | Noticed a fire crab
  7444 | D:10     | Noticed a two-headed ogre
  7451 | D:10     | Killed a two-headed ogre
  7451 | D:10     | Identified the +1 steam dragon scales of the Ten Beds {rF-
                  | rN+++ rCorr Int-5} (Okawaru gifted it to you on level 10 of
                  | the Dungeon)
  7451 | D:10     | Received a gift from Okawaru
  7512 | D:10     | Noticed a tengu warrior
  7526 | D:10     | Found a staircase to the Lair.
  7581 | D:10     | You fall into a shaft and drop 2 floors!
  7608 | D:12     | Noticed a gargoyle
  7618 | D:12     | Killed a gargoyle
  7801 | D:12     | Identified the +9 longbow of the Extremes {speed, *Corrode
                  | rC+ Str+3}
  7828 | D:12     | Found a flagged portal.
  7837 | Bailey   | Entered a bailey
  7843 | Bailey   | Noticed an orc knight
  7982 | Bailey   | Reached XP level 11. HP: 94/94 MP: 10/10
  8026 | Bailey   | Killed an orc knight
  8284 | D:12     | Noticed a wolf spider
  8292 | D:12     | Reached skill level 14 in Unarmed Combat
  8301 | D:12     | Killed a wolf spider
  8902 | D:11     | Noticed a two-headed ogre
  8997 | D:12     | Killed a two-headed ogre
  9197 | D:11     | Noticed a six-headed hydra
  9199 | D:11     | Noticed a deep elf pyromancer
  9205 | D:11     | Slain by an eight-headed hydra

Illustrated notes

Levels and vault maps discovered:
D:1:      lightli_arrival_maybe_door_vault, layout_basic, minmay_tripent
D:2:      layout_loops_ring, basic_altar, minivault_11, nrook_campfire,
          uniq_robin, uniq_crazy_yiuf_cottage
D:3:      layout_loops_ring, hellmonk_ecumenical_altar_pennies_from_heaven
D:4:      cheibrodos_thug_alley, layout_loops_corners,
          grunt_temple_overflow_gold_and_silver, mainiacjoe_overflow_chevrons,
          kennysheep_small_circle, uniq_ijyb, uniq_sigmund, uniq_eustachio,
          uniq_pikel
D:5:      layout_cave_pods, vehumet_crystals, nrook_mini_backslash,
          uniq_menkaure, uniq_grinder, uniq_prince_ribbit1
D:6:      layout_rooms, minmay_temple_entry_gardened_gates,
          palyth_stone_intersect
D:7:      layout_loops_corners, nicolae_elemental_shop
D:8:      layout_loops_ring, mainiacjoe_overflow_large_starburst,
          kennysheep_donut, abandoned_shop, kennysheep_doodads,
          minmay_misc_feat_columns, kennysheep_small_square
D:9:      layout_loops_ring, serial_shops, shop, water_maze_lemuel
D:10:     layout_irregular_city, lair_entry_dummy,
          minmay_fractal_squares_gapless_7
D:11:     nzn_winding_woodlands_stair_cross [nzn_winding_woodlands_5x15_jagged,
          nzn_winding_woodlands_center_pierced_h,
          nzn_winding_woodlands_5x15_parted,
          nzn_winding_woodlands_5x5_open_star, nzn_winding_woodlands_hourglass,
          nzn_winding_woodlands_5x15_pockets,
          nzn_winding_woodlands_center_diamonds,
          nzn_winding_woodlands_5x15_pathside_ponds], layout_basic, orc_0_dummy,
          zin_scriptorium
D:12:     layout_stronghold, enter_bailey_8, minivault_20,
          chequers_serial_rivers_micro_c
Temple:   regret_index_temple_sphere_string

Skill      XL: |  1  2  3  4  5  6  7  8  9 10 11 |
---------------+----------------------------------+-----
Unarmed Combat | 4 5 6 8 10 11 13 14 | 14.7
Dodging        | 3 4 5 6 7 8 9 |  9.4
Fighting       | |  2.4
Stealth        | |  1.0

Action                   |  1- 3 |  4- 6 |  7- 9 | 10-12 || total
-------------------------+-------+-------+-------+-------++-------
Melee: Unarmed           |    69 |   140 |   250 |   306 ||   765
       Punch             |     1 |     3 |    15 |    26 ||    45
       Quarterstaff      |       |       |       |     3 ||     3
Throw: Javelin           |       |       |     4 |       ||     4
Invok: Heroism           |       |       |       |     1 ||     1
  Use: Scroll            |       |       |     9 |     5 ||    14
 Stab: Sleeping          |     2 |     2 |     2 |       ||     6
Armor: Robe              |    30 |    27 |    52 |    13 ||   122
       Steam dragon scal |       |       |       |    42 ||    42
Dodge: Dodged            |    34 |    68 |   102 |   225 ||   429
Block: Other             |       |    19 |    46 |    80 ||   145
       Reflection        |       |       |     1 |    11 ||    12
